[Event "Early-Titled-Tuesday-Blitz-October-24-2023"]
[Site "Chess.com"]
[Date "2023.10.24"]
[Round "3"]
[White "stasOR4ik"]
[Black "PenguiinQueen"]
[Result "0-1"]
[WhiteElo "2391"]
[BlackElo "2236"]
[TimeControl "180+1"]
[EndTime "8:27:48 PDT"]
[Termination "PenguiinQueen won by resignation"]

1. c4 e5 2. Nc3 Nc6 3. g3 Bb4 4. Bg2 Bxc3 5. dxc3 Nf6 6. e4 O-O 7. Qe2 d6 8. Nf3 h6 9. Nd2 Bg4 10. f3 Be6 11. Nf1 Nd7 12. Ne3 a5 13. O-O Ne7 14. f4 exf4 15. gxf4 f5 16. exf5 Nxf5 17. Nxf5 Bxf5 18.
Bxb7 Rb8 19. Bd5+ Kh8 20. Kh1 Nc5 21. Rg1 Qe8 22. Qg2 Be4 23. Bxe4 Qxe4 24. Rb1 Qxg2+ 25. Rxg2 Rbe8 26. Bd2 Re4 27. b4 Nd3 28. c5 dxc5 29. bxc5 Nxc5 30. Rbg1 Rf7 31. h3 Rd7 32. f5 Rh4 33.
Kh2 Ne4 34. Be1 Rh5 35. Rg4 Nf6 36. Rf4 Rd3 37. Rg3 Rd1 38. Re3 Nd5 39. Re8+ Kh7 40. Rf3 Rg5 41. h4 Rg4 42. c4 Rxc4 43. f6 Nxf6 44. Bg3 Rc2+ 45. Kh3 Rh1+ 46. Bh2 Rhxh2+ 47. Kg3 Rcg2+ 48. Kf4 Rxh4+ 49. Ke3 Rgh2 50. Re7 Nd5+ 51.
Kd3 Nxe7 0-1

[Event "Early-Titled-Tuesday-Blitz-October-24-2023"]
[Site "Chess.com"]
[Date "2023.10.24"]
[Round "3"]
[White "Krakozia"]
[Black "Sokoloco"]
[Result "0-1"]
[WhiteElo "2960"]
[BlackElo "2722"]
[TimeControl "180+1"]
[EndTime "8:27:49 PDT"]
[Termination "Sokoloco won on time"]

1. c4 d6 2. Nc3 e5 3. g3 Nc6 4. Bg2 Be6 5. d3 Qd7 6. Rb1 a5 7. a3 Nf6 8. Nd5 a4 9. b3 axb3 10. Qxb3 Bxd5 11. cxd5 Nd4 12. Qd1 Be7 13. e3 Nb5 14.
Qb3 c6 15. Ne2 O-O 16. O-O Nc7 17. Qxb7 Nfxd5 18. Bxd5 cxd5 19. Nc3 Ra5 20. Bd2 Rfa8 21. a4 R5a7 22. Qb3 Qe6 23. Rfc1 h5 24. Qd1 h4 25.
Qh5 hxg3 26. hxg3 Ne8 27. Kg2 Nf6 28. Qh3 Qxh3+ 29. Kxh3 d4 30. exd4 exd4 31. Nb5 Rxa4 32. Rc7 Bf8 33. Bg5 Nd5 34. Rc6 Rb8 35. Rc4 Rxc4 36.
dxc4 Nc7 37. Rb3 d5 38. Nxd4 Rxb3 39. Nxb3 dxc4 40. Nd2 c3 41. Ne4 c2 42. Bc1 Nb5 43. Nd2 Nd4 44. Nb3 Nxb3 0-1

[Event "Early-Titled-Tuesday-Blitz-October-24-2023"]
[Site "Chess.com"]
[Date "2023.10.24"]
[Round "3"]
[White "Duhless"]
[Black "SchmakAttack"]
[Result "1-0"]
[WhiteElo "3086"]
[BlackElo "2757"]
[TimeControl "180+1"]
[EndTime "8:27:51 PDT"]
[Termination "Duhless won by resignation"]

1. d4 g6 2. e4 Bg7 3. Nc3 d6 4. f4 a6 5. Nf3 b5 6. Bd3 Nd7 7. e5 c5 8. Be3 Bb7 9. O-O Nh6 10. exd6 cxd4 11. Nxd4 O-O 12. Be4 Bxe4 13. Nxe4 exd6 14. Qf3 Nc5 15. Nc6 Qc7 16. Nxc5 dxc5 17. Bxc5 Rfe8 18.
Bd4 Nf5 19. Bxg7 Kxg7 20. Rae1 Rxe1 21. Rxe1 Rc8 22. Ne5 Qb6+ 23. Qf2 Qxf2+ 24. Kxf2 Rxc2+ 25. Re2 Rc1 26. Rd2 h5 27. g3 Rh1 28. Kg2 Ra1 29. a3 Rb1 30. h3 h4 31. g4 Ng3 32. Kf3 Rh1 33. Rd7 Rxh3 34. Kg2 Rh1 35. Rxf7+ Kg8 36. Rf6 Rb1 37. Rxg6+ Kh7 38. f5 Rxb2+ 39. Kh3 Ne4 40. Nf7 Rb3+ 41. Kxh4 Rxa3 42. Re6 Re3 43.
Rxe4 Rxe4 44. Ng5+ 1-0

[Event "Early-Titled-Tuesday-Blitz-October-24-2023"]
[Site "Chess.com"]
[Date "2023.10.24"]
[Round "3"]
[White "LaPiToB"]
[Black "vovachesss"]
[Result "0-1"]
[WhiteElo "2283"]
[BlackElo "2784"]
[TimeControl "180+1"]
[EndTime "8:27:53 PDT"]
[Termination "vovachesss won by resignation"]

1. d4 d6 2. c4 e5 3. e3 Nd7 4. Nc3 f5 5. Nf3 e4 6. Nd2 Ngf6 7. Be2 c6 8. h3 d5 9. cxd5 Nxd5 10. Qb3 N7f6 11.
Nc4 Be7 12. Ne5 O-O 13. O-O Qc7 14. Bd2 Be6 15. Nxd5 Bxd5 16. Bc4 Bd6 17. Bxd5+ Nxd5 18. Nc4 Rf6 19. Nxd6 Rxd6 20. Rac1 Qf7 21. f3 Re8 22. fxe4 Rxe4 23. Rf3 h6 24. Rcf1 Rf6 25. R1f2 Kh8 26. Qa3 a6 27. Qb3 Re7 28. a4 Qg6 29. Kh2 Rff7 30. Rg3 Qd6 31. Rf3 Re6 32. Kh1 Nf6 33. Bb4 Qd5 34. Qxd5 Nxd5 35. Bd2 g5 36. Rf2 Kh7 37.
Rgf3 Kg6 38. g4 Ref6 39. gxf5+ Rxf5 40. Rxf5 Rxf5 41. Kg2 Rxf2+ 42. Kxf2 Kf5 43. Kf3 Nf6 44. Ba5 h5 45. Bc7 g4+ 46. hxg4+ hxg4+ 47. Kf2 Nd5 48. Bg3 Ke4 49. Ke2 Nxe3 50. Bf2 Nf5 51. Bg1 Nxd4+ 52. Kd2 Nf3+ 53. Kc3 Nxg1 0-1

[Event "Early-Titled-Tuesday-Blitz-October-24-2023"]
[Site "Chess.com"]
[Date "2023.10.24"]
[Round "3"]
[White "djano"]
[Black "GHANDEEVAM2003"]
[Result "0-1"]
[WhiteElo "2669"]
[BlackElo "3024"]
[TimeControl "180+1"]
[EndTime "8:27:54 PDT"]
[Termination "GHANDEEVAM2003 won by resignation"]

1. e4 g6 2. Nc3 Bg7 3. Bc4 c6 4. d4 b5 5. Bb3 a5 6. a3 e6 7. h4 d5 8. h5 Nd7 9. Nf3 Ba6 10. Bg5 Ne7 11. exd5 cxd5 12. Qd2 f6 13. Be3 Kf7 14. g4 Qc7 15. Ne2 Rhc8 16. c3 b4 17. hxg6+ hxg6 18. axb4 axb4 19. Rc1 bxc3 20. Rxc3 Qb7 21. Bc2 Rxc3 22.
bxc3 Bc4 23. O-O Ra2 24. Rc1 Qb2 25. Nf4 e5 26. dxe5 Nxe5 27. Nxe5+ fxe5 28. Nd3 Bxd3 29. Qxd3 e4 30. Qd1 Bxc3 31. Bb3 Ra5 32. Rb1 Qa3 33. Bc1 Qd6 34. Bd2 Bxd2 35. Qxd2 Rb5 36. Qa2 Kg7 37. Rd1 Qe5 38. Qa4 Rb6 39. Bc2 Rf6 40. Qa7 Rf7 41. Qe3 g5 42. Qd4 Qxd4 43. Rxd4 Kf6 44. Bb3 Ke5 45.
Rd2 Rf4 46. Kf1 Rxg4 47. Ke2 Rf4 48. Ra2 Nf5 49. Ra8 Nd4+ 50. Ke3 Rf3+ 0-1

[Event "Early-Titled-Tuesday-Blitz-October-24-2023"]
[Site "Chess.com"]
[Date "2023.10.24"]
[Round "3"]
[White "Casper"]
[Black "PositionalPanther"]
[Result "1-0"]
[WhiteElo "2446"]
[BlackElo "2588"]
[TimeControl "180+1"]
[EndTime "8:27:54 PDT"]
[Termination "Casper won by resignation"]

1. e4 e6 2. d4 d5 3. Qe2 Nf6 4. exd5 Qxd5 5. Nc3 Bb4 6. Bd2 Qxd4 7. O-O-O Bxc3 8. Bxc3 Qf4+ 9. Kb1 Nc6 10. Nf3 Bd7 11.
Ne5 O-O-O 12. Nxf7 Nd5 13. Nxh8 Nxc3+ 14. bxc3 Rxh8 15.
Qd2 Qf7 16. Bc4 Na5 17. Bb3 c5 18. Qd6 b6 19. Qe5 c4 20. Bxc4 Nxc4 21. Qe4 Na3+ 22. Kb2 Kb8 23. Kxa3 Rc8 24. Qe5+ Kb7 25. Rd6 Rc5 26.
Qe4+ Bc6 27. Qxe6 Ra5+ 28. Kb2 Qc7 29. Rhd1 Rc5 30. Rd8 Ka6 31. Qb3 Ra5 32. Qg8 Qe5 33. R8d4 Rb5+ 34. Rb4 Ra5 35. Qc8+ Bb7 36. Qc4+ b5 37.
Qd4 Qd5 38. Qxd5 Bxd5 39. Rxd5 Kb6 40. Rd6+ Kc5 41. Rd2 a6 42. Rd8 g5 43. Rc8+ Kb6 44. Rh8 Kb7 45. Rxh7+ Kc6 46. Rg7 Kc5 47. Rxg5+ Kc6 48.
Rh4 Kb6 49. Rh6+ Kc7 50. Rg7+ Kd8 51. Rgg6 Ke7 52. Rxa6 b4 53. Rxa5 bxc3+ 54. Kxc3 Kf8 55. Rah5 Kg7 56. a4 1-0

[Event "Early-Titled-Tuesday-Blitz-October-24-2023"]
[Site "Chess.com"]
[Date "2023.10.24"]
[Round "3"]
[White "chessfatbear"]
[Black "ErikRonka"]
[Result "1-0"]
[WhiteElo "2810"]
[BlackElo "2516"]
[TimeControl "180+1"]
[EndTime "8:27:56 PDT"]
[Termination "chessfatbear won by resignation"]

1. Nf3 d5 2. b3 c6 3. Bb2 Bg4 4. h3 Bxf3 5. exf3 Nd7 6. f4 Ngf6 7. g3 g6 8. Bg2 Bg7 9. O-O O-O 10. d4 e6 11. Nd2 a5 12. a4 b5 13. axb5 cxb5 14.
c4 Qb6 15. c5 Qc7 16. Qe2 b4 17. Ra2 Nb8 18. Nf3 Nc6 19. Ne5 Nd7 20. Nxc6 Qxc6 21. Rfa1 Qc7 22. h4 Nb8 23. h5 Nc6 24. Qd3 Ra7 25. Bf3 Rfa8 26. Kg2 Ne7 27. Bc1 Nf5 28. Be3 Qc6 29. Ra4 Bf6 30. Rh1 Kg7 31. Bg4 Nxe3+ 32. fxe3 Kf8 33. Be2 Ke7 34. g4 g5 35. h6 Rg8 36.
Qxh7 Raa8 37. Qd3 gxf4 38. exf4 Kd7 39. g5 Be7 40. h7 Rh8 41. Qe3 Qc7 42. Bd3 f6 43. g6 f5 44. Bb5+ Kc8 45. g7 Kb7 46. gxh8=Q Rxh8 47. Qxe6 Bd8 48. Qxd5+ Kb8 49. Qe5 1-0

[Event "Early-Titled-Tuesday-Blitz-October-24-2023"]
[Site "Chess.com"]
[Date "2023.10.24"]
[Round "3"]
[White "Zhigalko_Sergei"]
[Black "BardArtem"]
[Result "1-0"]
[WhiteElo "2955"]
[BlackElo "2699"]
[TimeControl "180+1"]
[EndTime "8:27:57 PDT"]
[Termination "Zhigalko_Sergei won by resignation"]

1. e4 e5 2. Nf3 Nc6 3. Bc4 Bc5 4. d3 Nf6 5. O-O O-O 6. Nbd2 d6 7.
c3 a5 8. h3 Ba7 9. Re1 Ne7 10.
Nf1 Ng6 11. Ng3 c6 12. Bb3 h6 13. d4 Re8 14. Be3 exd4 15. Bxd4 Be6 16. Bc2 Bxd4 17. cxd4 Qb6 18. Qd3 Rad8 19. a3 c5 20. Ba4 Bd7 21.
Bxd7 Nxd7 22. Qd2 cxd4 23. Rad1 Nc5 24. Nxd4 Nb3 25. Nxb3 Qxb3 26. Nf5 Ne5 27. Re3 Qa4 28. Rg3 Ng6 29. Qd4 Qxd4 30. Rxd4 d5 31. Rxd5 Rxd5 32. exd5 Re1+ 33. Kh2 Re2 34. d6 Rd2 35. Rb3 Nf4 36.
Rxb7 Rxf2 37. Rb8+ Kh7 38. d7 Rxg2+ 39. Kh1 Re2 40.
d8=Q Re1+ 41. Kh2 Re2+ 42. Kg1 Re1+ 43. Kf2 Nd3+ 44. Qxd3 Rd1 45. Qxd1 1-0

[Event "Early-Titled-Tuesday-Blitz-October-24-2023"]
[Site "Chess.com"]
[Date "2023.10.24"]
[Round "3"]
[White "Happy1712Drummer"]
[Black "matenitian"]
[Result "0-1"]
[WhiteElo "2401"]
[BlackElo "2580"]
[TimeControl "180+1"]
[EndTime "8:27:57 PDT"]
[Termination "matenitian won by checkmate"]

1. e4 e5 2. Nf3 Nc6 3. Nc3 Nf6 4.
d4 exd4 5. Nd5 Be7 6. Bd3 O-O 7.
O-O d6 8. h3 Be6 9. Nxe7+ Qxe7 10. Bg5 h6 11. Bh4 Bd7 12. Qd2 Qe6 13. Rfe1 Rfe8 14.
b4 a6 15. a4 b5 16. axb5 axb5 17.
Rxa8 Rxa8 18. Bxb5 Nxe4 19. Qd3 Nxb4 20. Qxe4 Qxe4 21.
Rxe4 Bxb5 22. Nxd4 Bc4 23. Nf5 d5 24. Ne7+ Kh7 25. Rf4 f6 26. Bg3 c5 27. Nf5 Nc6 28.
Ne3 Ba2 29. Rf5 Nd4 30. Rf4 Ne2+ 31. Kh2 Nxf4 32. Bxf4 d4 33. Ng4 Bb1 34. Bd6 Bxc2 35. Bxc5 d3 36. Be3 Ra2 37. Kg3 Bd1 38. Nh2 d2 39.
Nf1 Be2 40. Nxd2 Bd3 41. Nf3 Ra3 42. h4 Be4 43. Nh2 Kg6 44. Kf4 Bb7 45. g3 Kf7 46.
Ng4 Ra4+ 47. Kf5 Bc8# 0-1

[Event "Early-Titled-Tuesday-Blitz-October-24-2023"]
[Site "Chess.com"]
[Date "2023.10.24"]
[Round "3"]
[White "marik_spb"]
[Black "MokshAD1603"]
[Result "0-1"]
[WhiteElo "2434"]
[BlackElo "2607"]
[TimeControl "180+1"]
[EndTime "8:27:58 PDT"]
[Termination "MokshAD1603 won by checkmate"]

1. d4 Nf6 2. c4 c6 3. Nc3 d5 4.
Nf3 dxc4 5. a4 Bf5 6. e3 e6 7.
Bxc4 Bb4 8. O-O O-O 9. Ne2 c5 10. Ng3 Bg6 11. Bd2 Nc6 12. Bxb4 Nxb4 13. dxc5 Qa5 14.
Rc1 Rac8 15. Ne5 Rxc5 16. Nxg6 hxg6 17. Bb3 Rxc1 18. Qxc1 Nd3 19. Qc2 Nc5 20. Rc1 b6 21. Qc3 Qxc3 22. Rxc3 Rd8 23. Bc2 Rd2 24. h3 a5 25. Kf1 Nd5 26. Ke1 Nxc3 27. Kxd2 N3xa4 28. Bxa4 Nxa4 29. b3 Nc5 30. Kc3 Kf8 31. b4 axb4+ 32. Kxb4 Nd3+ 33. Kb5 Nxf2 34. Kxb6 Ke7 35. Kc5 f5 36.
Kc4 Kf6 37. Kb3 Nd1 38. Nf1 Ke5 39. Kc2 Nf2 40. Kd2 Ne4+ 41. Ke2 g5 42. Kf3 g6 43.
Ke2 f4 44. Kf3 Kf5 45. Nh2 Nd2+ 46. Ke2 Nc4 47. exf4 gxf4 48. Ng4 e5 49. Nh6+ Ke6 50. Ng4 e4 51. Nf2 Kf5 52. Ng4 g5 53. Nf2 e3 54.
Nd3 Ke4 55. Nc5+ Kd5 56. Nd3 Ne5 57. Nb4+ Ke4 58. Na6 Nc6 59. Nb4 Nxb4 60. Kf1 Kd3 61. Ke1 Nc2+ 62. Kd1 e2+ 63. Kc1 e1=Q+ 64. Kb2 Qc3+ 65.
Kb1 Nb4 66. g3 Qc2+ 67. Ka1 Qa2# 0-1

[Event "Early-Titled-Tuesday-Blitz-October-24-2023"]
[Site "Chess.com"]
[Date "2023.10.24"]
[Round "3"]
[White "yosephtaher"]
[Black "Jospem"]
[Result "0-1"]
[WhiteElo "2772"]
[BlackElo "3137"]
[TimeControl "180+1"]
[EndTime "8:28:01 PDT"]
[Termination "Jospem won on time"]

1. d4 Nf6 2. Nf3 e6 3. c4 Bb4+ 4. Bd2 c5 5. Bxb4 cxb4 6. g3 b6 7. Bg2 Bb7 8. O-O a5 9. Qd3 d6 10. Nbd2 O-O 11. a3 Na6 12. Rfe1 Qc7 13. Rac1 e5 14.
e4 Rfe8 15. Nh4 g6 16. Nhf3 Qe7 17. Qe3 Ng4 18. Qd3 Rad8 19. h3 Nf6 20. Qe3 Nd7 21. Nf1 Qf6 22. N1h2 h5 23. Rcd1 bxa3 24. bxa3 Nc7 25. d5 Kg7 26. Rb1 Na6 27. Nf1 Nac5 28. N1d2 Ba6 29. Rec1 Qe7 30. Bf1 Rb8 31. Be2 Nf6 32.
Nh4 Bc8 33. Bf1 Bd7 34. Kh2 Kh7 35. Nhf3 Rh8 36. Kg1 Kg7 37. Bg2 Rhc8 38. Kh2 Rh8 39. Kg1 Rhc8 40. Kh2 Nh7 41. Kg1 Rf8 42. Nh4 Kg8 43. Re1 Kg7 44. Rec1 Qg5 45. Qe2 Qf6 46. Qe3 g5 47. Nhf3 g4 48. hxg4 hxg4 49. Nh4 Qg5 50. Qe2 Nf6 51. Rb2 Na4 52. Rbc2 Rh8 53. Nf1 Nc5 54. Rb1 a4 55. Re1 Nh5 56. Ne3 Nf4 57.
Qf1 Rxh4 58. gxh4 Qxh4 59. f3 g3 0-1

[Event "Early-Titled-Tuesday-Blitz-October-24-2023"]
[Site "Chess.com"]
[Date "2023.10.24"]
[Round "3"]
[White "MidnightFox"]
[Black "mr_gustavo"]
[Result "1-0"]
[WhiteElo "2492"]
[BlackElo "2645"]
[TimeControl "180+1"]
[EndTime "8:28:01 PDT"]
[Termination "MidnightFox won on time"]

1. d4 d5 2. c4 e6 3. Nf3 Nf6 4. g3 Be7 5. Bg2 O-O 6. O-O c6 7. Qc2 a5 8. b3 Na6 9. a3 a4 10. b4 dxc4 11. Qxc4 Nc7 12. Bb2 Nb5 13. Nc3 Nxc3 14.
Bxc3 Nd5 15. Bb2 b6 16. Rfe1 Ba6 17. Qxc6 Bf6 18. e4 Ne7 19. Qxa4 g6 20. Qb3 Rc8 21. Rac1 Qd7 22. a4 Bb7 23. Ne5 Bxe5 24. dxe5 Nc6 25. Rcd1 Qe7 26. Rd6 h5 27. Red1 Rfd8 28. b5 Na5 29. Qb4 Re8 30. Bf1 h4 31. Ba3 Rc2 32. Rxb6 Qg5 33. Qxa5 Qg4 34. Qe1 Bxe4 35. Rd4 hxg3 36.
hxg3 Qf3 37. Rxe4 Qxa3 38. Rc6 Rb2 39. Rc7 Qb3 40. Rf4 Rb1 41. Qe2 Rd8 42. Rfxf7 Rdd1 43. Rg7+ Kh8 44. Rge7 Rxf1+ 45. Qxf1 Rxf1+ 46. Kxf1 Qd1+ 47. Kg2 Qd5+ 48. Kh2 Qd8 49. b6 Qf8 50. Kg2 Qf5 51.
Re8+ 1-0

[Event "Early-Titled-Tuesday-Blitz-October-24-2023"]
[Site "Chess.com"]
[Date "2023.10.24"]
[Round "3"]
[White "UmarovSabir"]
[Black "brm72"]
[Result "0-1"]
[WhiteElo "2304"]
[BlackElo "2544"]
[TimeControl "180+1"]
[EndTime "8:28:03 PDT"]
[Termination "brm72 won on time"]

1. c4 c5 2. g3 Nc6 3. Bg2 g6 4. Nf3 Bg7 5. O-O e5 6. Nc3 d6 7. d3 Nge7 8. a3 a5 9. Rb1 O-O 10. Nd5 Nxd5 11. cxd5 Nd4 12. b4 cxb4 13. axb4 a4 14. Nxd4 exd4 15. b5 a3 16. Qb3 a2 17.
Ra1 Qa5 18. Bf4 Bd7 19. Bxd6 Rfc8 20. Bb4 Qxb5 21. d6 Ra4 22. Bd5 Rxb4 23. Bxf7+ Kh8 24. Qxa2 Rb2 25. Qd5 Qxd5 26. Bxd5 Rb6 27. Rfc1 Rxc1+ 28. Rxc1 Rxd6 29. Bxb7 h5 30. Kg2 g5 31. Bf3 g4 32. Be4 Bf6 33. Rc5 Be8 34. Rc8 Rd8 35. Rc5 Kg7 36. f3 Bg6 37. Bxg6 Kxg6 38. fxg4 hxg4 39.
h3 Re8 40. hxg4 Rxe2+ 41. Kf3 Re3+ 42. Kf4 Rxd3 43. Rc6 Kf7 44. Rc7+ Be7 45. g5 Ke6 46. g6 Bd6+ 47. Kg5 Rxg3+ 0-1

[Event "Early-Titled-Tuesday-Blitz-October-24-2023"]
[Site "Chess.com"]
[Date "2023.10.24"]
[Round "3"]
[White "CSB7"]
[Black "gau248"]
[Result "0-1"]
[WhiteElo "2725"]
[BlackElo "2598"]
[TimeControl "180+1"]
[EndTime "8:28:04 PDT"]
[Termination "gau248 won by resignation"]

1. d4 Nf6 2. c4 e6 3. g3 d5 4.
Bg2 Be7 5. Nf3 O-O 6. O-O dxc4 7. Qc2 a6 8. Qxc4 b5 9. Qc2 Bb7 10. Bd2 Be4 11. Qc1 c6 12. a4 Ra7 13. Nc3 Bxf3 14.
Bxf3 Rd7 15. e3 b4 16. Ne4 Nxe4 17. Bxe4 c5 18. Rd1 cxd4 19. exd4 Rxd4 20. Be3 Rxd1+ 21.
Qxd1 Nd7 22. a5 Nf6 23. Qxd8 Rxd8 24. Bb7 Nd5 25. Bd4 Nc7 26. Bb6 Rb8 27. Bc6 Nd5 28. Bxd5 exd5 29. Rd1 Bf6 30. b3 d4 31. Kf1 g6 32. Ke2 Re8+ 33. Kd3 Rc8 34. Ke2 Rc2+ 35. Rd2 d3+ 36. Kxd3 Rc3+ 37. Ke2 Rxb3 38. Bc5 Rb1 39. Rd7 b3 40. Ra7 Kg7 41. Rb7 b2 42. Ba3 Kh6 43. Kf3 Ra1 44. Bxb2 Rb1 45. Bxf6 Rxb7 46. Ke4 Rb5 47. Bc3 Rb3 48. Kd4 Rb1 49. Kc5 Kg5 50. Bd2+ Kg4 51. h4 Kf3 52. Be3 Rb5+ 53. Kd6 Rxa5 54.
Ke7 Rf5 55. Kf8 a5 56. Kg7 h5 0-1

[Event "Early-Titled-Tuesday-Blitz-October-24-2023"]
[Site "Chess.com"]
[Date "2023.10.24"]
[Round "3"]
[White "jup1978"]
[Black "MKlose11"]
[Result "1-0"]
[WhiteElo "2482"]
[BlackElo "2626"]
[TimeControl "180+1"]
[EndTime "8:28:05 PDT"]
[Termination "jup1978 won on time"]

1. d4 Nf6 2. c4 c5 3. d5 b5 4. cxb5 a6 5. e3 g6 6. Nc3 Bg7 7. bxa6 O-O 8. Nf3 d6 9. a4 Nbd7 10. Bb5 Bxa6 11. Bxa6 Rxa6 12. O-O Qb6 13. e4 Rb8 14.
Nd2 Ne8 15. Nb5 Ne5 16. Ra3 Nc7 17. Nxc7 Qxc7 18. h4 h5 19. Qe2 Rab6 20. f4 Ng4 21. Nc4 Rb3 22. Rf3 R3b4 23. Bd2 Rxc4 24. Qxc4 Rxb2 25.
Bc3 Rc2 26. Qd3 Rxc3 27. Rxc3 Qa5 28. g3 Qxa4 29. Kg2 Bxc3 30. Qxc3 Qxe4 31. Qd3 Qe1 32. f5 Kg7 33. fxg6 fxg6 34. Qc3+ Qxc3 35. Rxc3 Kf6 36.
Kf3 Ke5 37. Rd3 c4 38. Rd1 Nf6 39. Re1+ Kd4 40. Rxe7 Nxd5 41. Re4+ Kd3 42. Re6 c3 43. Rxd6 Kd4 44. Rc6 Nb4 45. Rc8 Nd3 46. g4 1-0

[Event "Early-Titled-Tuesday-Blitz-October-24-2023"]
[Site "Chess.com"]
[Date "2023.10.24"]
[Round "3"]
[White "mary-sanna"]
[Black "SergioMoralesG"]
[Result "1-0"]
[WhiteElo "2213"]
[BlackElo "2393"]
[TimeControl "180+1"]
[EndTime "8:28:05 PDT"]
[Termination "mary-sanna won on time"]

1. d4 d5 2. c4 c6 3. Nf3 Nf6 4. g3 Bf5 5. Nh4 Be4 6. f3 Bxb1 7.
Rxb1 Qa5+ 8. Bd2 Qxa2 9. cxd5 Qxd5 10. Bc3 e6 11. e4 Qd8 12. Qb3 Qb6 13. Qxb6 axb6 14.
Be2 Be7 15. Ng2 O-O 16. O-O Nbd7 17. Ne3 b5 18. Nc2 Rfd8 19. Ra1 Nb6 20. b3 Ne8 21.
Ba5 Ra6 22. Nb4 Rxa5 23. Rxa5 Bxb4 24. Ra7 Rb8 25. f4 Nd6 26. Bf3 Ndc8 27. Ra2 h6 28.
Rfa1 Bc3 29. Rd1 Ne7 30. Ra7 Nbc8 31. Ra2 Nd6 32. Kf2 Rd8 33. Ke3 Ndc8 34. Ra8 Kf8 35.
Rd3 b4 36. Rb8 b6 37. g4 Ke8 38. f5 e5 39. d5 c5 40. Rd1 Kd7 41. h4 Kc7 42.
Ra8 Kb7 43. Ra2 Nd6 44. g5 hxg5 45. hxg5 Rh8 46. Rh1 Rxh1 47. Bxh1 Bd4+ 48. Kf3 Nb5 49. Rh2 Nc3 50. Rh7 c4 51. bxc4 b3 52. Rh2 1-0

[Event "Early-Titled-Tuesday-Blitz-October-24-2023"]
[Site "Chess.com"]
[Date "2023.10.24"]
[Round "3"]
[White "fen_fire"]
[Black "Chessbard1972"]
[Result "1/2-1/2"]
[WhiteElo "2548"]
[BlackElo "2347"]
[TimeControl "180+1"]
[EndTime "8:28:06 PDT"]
[Termination "Game drawn by repetition"]

1. b3 e5 2. Bb2 Bd6 3. Na3 Bxa3 4. Bxa3 d6 5. d4 f6 6. e4 Ne7 7. Ne2 O-O 8. Ng3 Be6 9. Be2 Nd7 10. O-O Ng6 11.
d5 Bf7 12. Nf5 Ne7 13. Bg4 Nxf5 14. Bxf5 g6 15. Bh3 Kg7 16. c4 Nc5 17. Qe2 a5 18. Bb2 Be8 19. f4 Bd7 20. f5 g5 21. Bg4 Be8 22. Qc2 h5 23. Be2 Rh8 24. a3 a4 25.
b4 Nb3 26. Rad1 Qe7 27. Rd3 c5 28. b5 b6 29. Bd1 Nd4 30. Qf2 Bf7 31. Re1 Kf8 32.
Ree3 Ke8 33. Kf1 Kd7 34. Ke1 Qf8 35. Kd2 Qh6 36. Kc1 g4 37. Kb1 Rhg8 38. Re1 h4 39.
Bc1 Qh7 40. Qe3 Bh5 41. g3 h3 42. Qh6 Qxh6 43. Bxh6 Ke7 44. Bc1 Kf7 45. Bb2 Ra7 46.
Bc1 Rga8 47. Kb2 Ke7 48. Bd2 Kf7 49. Bc1 Ke7 50. Be3 Ra5 51. Bd2 R5a7 52. Bc3 Nb3 53. Bxb3 axb3 54. Ra1 Ra4 55. Kxb3 Be8 56. Rd2 Bd7 57.
Rda2 Be8 58. Rd2 Bf7 59. Bb2 Bh5 60. Rc1 Kd7 61. Re1 Ke7 62. Rd3 Kd7 63. Rc3 Ke7 64. Kc2 Be8 65. Rb3 Bd7 66. Rc3 Be8 67. Kb3 Bd7 68.
Ree3 Be8 69. Re1 Bd7 70. Ra1 Be8 71. Re1 1/2-1/2

[Event "Early-Titled-Tuesday-Blitz-October-24-2023"]
[Site "Chess.com"]
[Date "2023.10.24"]
[Round "3"]
[White "Maluco_do_Natal_00"]
[Black "Arimin1329"]
[Result "0-1"]
[WhiteElo "1995"]
[BlackElo "2313"]
[TimeControl "180+1"]
[EndTime "8:28:06 PDT"]
[Termination "Arimin1329 won by resignation"]

1. e4 c6 2. d4 d5 3. Nc3 dxe4 4. Nxe4 Bf5 5. Ng3 Bg6 6. h4 h6 7. h5 Bh7 8. Nf3 Nf6 9. Bd3 Bxd3 10. Qxd3 e6 11.
Bd2 Nbd7 12. O-O-O Bd6 13. Ne4 Nxe4 14. Qxe4 Nf6 15.
Qe2 Qc7 16. Kb1 O-O-O 17. Ne5 Kb8 18. f4 Rhe8 19. c4 c5 20. Bc3 cxd4 21. Bxd4 Ka8 22. g4 Rc8 23. Rc1 Red8 24. Rhd1 Qe7 25. a3 Rc7 26. c5 Bxe5 27. Bxe5 Rcd7 28. Rxd7 Qxd7 29. Bxf6 gxf6 30. Qe4 Qc6 31. Qxc6 bxc6 32. Rg1 Rd5 33. g5 fxg5 34. fxg5 hxg5 35. h6 g4 36. Rxg4 Rh5 37. Rf4 f5 38. Rd4 Rxh6 39. Rd7 Rf6 40. Kc2 e5 41. Kd2 e4 42. Ke3 Kb8 43. b4 Kc8 44.
Rxa7 Rg6 45. Rf7 Rg3+ 46. Kf4 Rf3+ 47. Ke5 e3 48. Kd6 f4 49. Kxc6 Kd8 50. Rd7+ Ke8 51. b5 e2 52. b6 e1=Q 53. b7 Qe4+ 54. Kc7 Rb3 55. Rd8+ Ke7 56. b8=Q Qe5+ 57. Rd6 Qxc5+ 58. Rc6 Qxc6+ 59. Kxc6 Rxb8 0-1

[Event "Early-Titled-Tuesday-Blitz-October-24-2023"]
[Site "Chess.com"]
[Date "2023.10.24"]
[Round "3"]
[White "slorovel"]
[Black "NikolaGry"]
[Result "0-1"]
[WhiteElo "2465"]
[BlackElo "2724"]
[TimeControl "180+1"]
[EndTime "8:28:07 PDT"]
[Termination "NikolaGry won by resignation"]

1. e4 d5 2. exd5 Nf6 3. d4 Nxd5 4. Nf3 g6 5. Be2 Bg7 6. O-O O-O 7. c4 Nb6 8. Nc3 Nc6 9. Be3 e5 10. d5 Ne7 11. a4 Nf5 12. Bc5 Re8 13. Bd3 Nd6 14.
Nd2 f5 15. Be2 e4 16. Be3 Nf7 17. a5 Nd7 18. Nb3 Nde5 19. Nd4 g5 20. a6 bxa6 21. c5 f4 22. Bc1 f3 23. gxf3 exf3 24. Nxf3 Bh3 25. Re1 Qf6 26. Ne4 Qg6 27. Ng3 Nxf3+ 28. Bxf3 Ne5 29. Be4 Qf7 30. Bxg5 Rf8 31. Be3 Bg4 32. Qc2 Nf3+ 33. Bxf3 Bxf3 34. Rxa6 Rae8 35.
d6 cxd6 36. Rxd6 h5 37. Qg6 h4 38. Qxf7+ Rxf7 39. Nf1 Bxb2 40. Rg6+ Kh7 41. Rg5 Bf6 42.
Rg2 Bxg2 43. Kxg2 Bd4 44. h3 Rg8+ 45. Kh2 Bxe3 46. fxe3 Rf2+ 47. Kh1 Rc2 48. e4 Rxc5 49. Ne3 Rg3 50. Ng4 Rxh3+ 0-1

[Event "Early-Titled-Tuesday-Blitz-October-24-2023"]
[Site "Chess.com"]
[Date "2023.10.24"]
[Round "3"]
[White "LuisFSiles"]
[Black "ProfessorChess101"]
[Result "0-1"]
[WhiteElo "2271"]
[BlackElo "2531"]
[TimeControl "180+1"]
[EndTime "8:28:08 PDT"]
[Termination "ProfessorChess101 won on time"]

1. e4 a6 2. d4 e6 3. Bd3 b5 4. Nf3 Bb7 5. O-O c5 6. c3 d6 7. Re1 Nd7 8. Nbd2 e5 9. Nf1 Ngf6 10. a4 c4 11. Bc2 Be7 12. Ng3 O-O 13. Nf5 Re8 14.
Bg5 Bf8 15. d5 h6 16. Bh4 g6 17. Ne3 Nc5 18. Nd2 Bg7 19. Qf3 Ncd7 20. g4 Qc7 21. Kh1 Nh7 22. Rg1 Nc5 23. Nf5 gxf5 24. gxf5 f6 25.
Rg6 Kh8 26. Rag1 Rg8 27. Qe3 Qf7 28. Nf3 Raf8 29. Bg3 Bxd5 30. exd5 Qxd5 31. Bd1 Nd3 32. h4 e4 33. Nh2 Qxf5 34. h5 Ng5 35. Ng4 Kh7 36.
Bf4 Ne5 37. Bxe5 fxe5 38. f4 exf4 39. Qa7 Rf7 40. Qd4 Bxd4 41. Rxh6+ Kg7 42. cxd4 Kf8 43.
axb5 axb5 44. Bc2 f3 45. Ra1 Ne6 46. Ra8+ Kg7 47. Rg6+ Kh7 48. Raxg8 Qxh5+ 49. Kg1 f2+ 0-1

[Event "Early-Titled-Tuesday-Blitz-October-24-2023"]
[Site "Chess.com"]
[Date "2023.10.24"]
[Round "3"]
[White "Hooded_Old_Man"]
[Black "Alexchess1984"]
[Result "0-1"]
[WhiteElo "2365"]
[BlackElo "2693"]
[TimeControl "180+1"]
[EndTime "8:28:08 PDT"]
[Termination "Alexchess1984 won by resignation"]

1. d4 Nf6 2. Nf3 g6 3. e3 Bg7 4.
Be2 d5 5. O-O c5 6. Nbd2 Nc6 7.
c3 O-O 8. b3 cxd4 9. cxd4 Bf5 10. Bb2 Rc8 11. Rc1 Qa5 12. Bc3 Qb6 13. h3 Nb4 14. Bxb4 Qxb4 15. Ne5 Qa3 16. g4 Be6 17. Rxc8 Rxc8 18. Qb1 Nd7 19. Nxd7 Bxd7 20. Nf3 f5 21. Ne5 Bxe5 22. dxe5 fxg4 23. Bxg4 Bxg4 24. hxg4 Qb4 25. Qd1 Qe4 26. Qd4 Qxd4 27. exd4 Rc2 28. a3 Kg7 29. b4 e6 30. Kg2 h5 31. gxh5 gxh5 32. Rh1 Kg6 33.
Rh3 Rd2 34. Rg3+ Kf7 35. Rf3+ Kg6 36. Rg3+ Kh6 37. Rf3 Kg5 38. Rf6 Rxd4 39. Rxe6 Kf5 40. Rh6 Kxe5 41. Rxh5+ Kd6 42. Rh6+ Kc7 43. Rh3 Rd2 44.
Rc3+ Kd6 45. Kf3 d4 46. Rb3 Kd5 47. b5 Rc2 48. Rb4 Rc4 49. Rxc4 Kxc4 50. a4 Kd3 51.
Kg3 Ke2 52. f4 d3 53. f5 d2 54. f6 d1=Q 55. f7 Qd8 0-1